 Dungeon Crawl Stone Soup version 0.21-a0-133-gf55ed5b (webtiles) character file.

140 sagitran the Skirmisher (level 5, 0/42 HPs)
             Began as a Demonspawn Abyssal Knight on July 17, 2017.
             Was a Believer of Lugonu.
             Slain by a scorpion (6 damage)
             ... on level 4 of the Dungeon.
             The game lasted 00:12:21 (2890 turns).

sagitran the Skirmisher (Demonspawn Abyssal Knight) Turns: 2890, Time: 00:12:22

Health: 0/42       AC:  4    Str: 13    XL:     5   Next: 2%
Magic:  6/6        EV: 12    Int: 13    God:    Lugonu [**....]
Gold:   318        SH:  0    Dex: 13    Spells: 4/4 levels left

rFire    . . .     SeeInvis .   a - +1 hand axe
rCold    . . .     Gourm    .   (no shield)
rNeg     . . .     Faith    .   b - +0 leather armour
rPois    .         Spirit   .   (helmet restricted)
rElec    .         Reflect  .   e - +0 cloak
rCorr    .         Harm     .   (no gloves)
MR       .....                  (no boots)
Stlth    ++........             (no amulet)
HPRegen  0.14/turn              (no ring)
MPRegen  0.10/turn              (no ring)

@: lethally poisoned (0 -> -1)
A: antennae 2, nightstalker 1
a: Depart the Abyss, Bend Space, Renounce Religion


You were on level 4 of the Dungeon.
You worshipped Lugonu.
Lugonu was pleased with you.
You were not hungry.

You visited 1 branch of the dungeon, and saw 5 of its levels.
You visited the Abyss 1 time.

You collected 318 gold pieces.

Inventory:

Hand Weapons
 a - a +1 hand axe (weapon)
Armour
 b - a +0 leather armour (worn)
 e - a +0 cloak (worn)
Wands
 m - a wand of flame (19/48)
 r - a wand of enslavement (14/24)
Scrolls
 d - a scroll of amnesia
 k - 3 scrolls of remove curse
 l - a scroll of enchant armour {unknown}
 n - 4 scrolls of teleportation
 q - a scroll of blinking {unknown}
Potions
 f - a potion of flight {unknown}
 h - 2 potions of curing
 i - 5 potions of brilliance
 j - 2 potions of magic
 o - 2 potions of cancellation {unknown}
 s - a potion of haste {unknown}
 t - a potion of heal wounds {unknown}
Comestibles
 c - 3 bread rations
 g - 2 fruits


   Skills:
 + Level 4.0 Fighting
 + Level 3.1 Axes
 + Level 2.1 Armour
 + Level 1.6 Dodging
 + Level 1.2 Stealth
 + Level 2.6 Invocations


You had 4 spell levels left.
You didn't know any spells.

Dungeon Overview and Level Annotations

Branches:
Dungeon (5/15)
 Temple: D:4-7

Altars:
Dithmenos
The Shining One

Annotations:
D:3 Sigmund


Innate Abilities, Weirdness & Mutations

You have a pair of antennae on your head.
You are slightly more attuned to the shadows.


Message History

The scorpion barely misses you.
You closely miss the scorpion.
The scorpion is severely wounded.
You feel sick. The scorpion closely misses you.
You hit the scorpion but do no damage.
The scorpion is severely wounded.
The scorpion stings you but does no damage.
You hit the scorpion but do no damage.
The scorpion is severely wounded.
The scorpion completely misses you.
You hit the scorpion but do no damage.
The scorpion is severely wounded.
You feel sick. The scorpion barely misses you.
You barely miss the scorpion.
The scorpion is severely wounded.
The scorpion misses you.
You closely miss the scorpion.
The scorpion is severely wounded.
The scorpion stings you.
You die...

#.# #.# #.#
#.# #.# #.#
#.#
#.##########
#....@s.....
###########.


You could see a scorpion.

Vanquished Creatures
  Natasha (D:2)
  Robin (D:2)
  2 adders (D:2)
  An ooze (D:2)
  3 dart slugs
  3 leopard geckos
  10 bats
  4 giant cockroaches (D:1)
  13 goblins
  10 hobgoblins
  9 jackals
  3 kobolds
  A quokka (D:2)
  A frilled lizard (D:1)
  6 rats
  A fungus (D:3)
69 creatures vanquished.

Notes
Turn   | Place    | Note
-------+----------+-------------------------------------------
     0 | Abyss:1  | sagitran the Demonspawn Abyssal Knight began the quest for the Orb.
     0 | Abyss:1  | Reached XP level 1. HP: 18/18 MP: 2/2
    24 | D:1      | Escaped the Abyss
   188 | D:2      | Found a glowing golden altar of the Shining One.
   310 | D:1      | Gained mutation: You are slightly more attuned to the shadows. [demonic ancestry]
   310 | D:1      | Reached XP level 2. HP: 14/24 MP: 3/3
   396 | D:1      | Reached * piety under Lugonu
   613 | D:1      | Reached skill level 1 in Dodging
   894 | D:1      | Gained mutation: You have a pair of small antennae on your head. [demonic ancestry]
   894 | D:1      | Reached XP level 3. HP: 29/29 MP: 4/4
  1395 | D:2      | Noticed Robin
  1569 | D:3      | Noticed Sigmund
  1737 | D:2      | Noticed Natasha
  1741 | D:2      | Killed Natasha
  1741 | D:2      | Gained mutation: You have a pair of antennae on your head. [demonic ancestry]
  1741 | D:2      | Reached XP level 4. HP: 34/37 MP: 5/5
  1778 | D:2      | Reached ** piety under Lugonu
  1801 | D:2      | Reached skill level 1 in Stealth
  2234 | D:2      | Killed Robin
  2531 | D:2      | Found a shadowy altar of Dithmenos.
  2587 | D:2      | Reached skill level 4 in Fighting
  2593 | D:2      | Reached XP level 5. HP: 27/42 MP: 6/6
  2814 | D:5      | Entered Level 5 of the Dungeon
  2890 | D:4      | Slain by a scorpion

Vault maps used:
D:1:      minmay_arrival_widening_spiral_narrow
D:2:      lemuel_crystal_altar, grunt_dithmenos_smoke, uniq_natasha, uniq_robin
D:3:      serial_curves, eino_curves_04, eino_curves_01,
          minmay_gold_behind_fungi, uniq_grinder, uniq_sigmund
D:4:      first_bread, serial_bayou_pond_c
D:5:      minmay_temple_entry_fiery, minmay_misc_feat_nine_boxes

Skill      XL: |  1  2  3  4 |
---------------+-------------+-----
Axes           | 2 3 |  3.1
Dodging        | 1 |  1.6
Stealth        | 1 |  1.2
Armour         | 2 |  2.1
Fighting       | 4 |  4.0
Invocations    | |  2.6

Action                   |  1- 3 |  4- 6 || total
-------------------------+-------+-------++-------
Melee: Hand axe          |   141 |   120 ||   261
Invok: Depart the Abyss  |     1 |       ||     1
  Use: Scroll            |     5 |     2 ||     7
       Potion            |     1 |     1 ||     2
 Stab: Sleeping          |     2 |     1 ||     3
       Distracted        |       |     1 ||     1
  Eat: Bread ration      |     1 |     1 ||     2
Armor: Leather armour    |    44 |    48 ||    92
       Skin              |    32 |    14 ||    46
Dodge: Dodged            |    89 |   100 ||   189
